 Dungeon Crawl Stone Soup version 0.22-a0-305-gd21a89c538 (webtiles) character file.

95 Oravi the Changer (level 4, 0/32 HPs)
             Began as a Merfolk Transmuter on Apr 1, 2018.
             Slain by a goblin
             ... wielding a cursed +0 club
             ... led by Robin
              (3 damage)
             ... on level 3 of the Dungeon.
             The game lasted 00:07:13 (1691 turns).

Oravi the Changer (Merfolk Transmuter)              Turns: 1691, Time: 00:07:18

Health: 0/32       AC:  3    Str:  9 (10) XL:     4   Next: 65%
Magic:  6/8        EV: 13    Int: 11 (13) God:
Gold:   112        SH:  0    Dex: 13 (14) Spells: 3/9 levels left

rFire    . . .     SeeInvis .     - Unarmed
rCold    + . .     Gourm    .   (no shield)
rNeg     . . .     Faith    .   b - +0 robe
rPois    .         Spirit   .   (no helmet)
rElec    .         Reflect  .   (no cloak)
rCorr    .         Harm     .   (no gloves)
MR       .....                  m - +0 pair of boots
Stlth    +.........             (no amulet)
HPRegen  0.10/turn              g - ring of protection from cold
MPRegen  0.11/turn              (no ring)

@: no status effects
A: change form in water, swift swim, stealthy swim
a: no special abilities


You were on level 3 of the Dungeon.
You were hungry.

You visited 1 branch of the dungeon, and saw 3 of its levels.

You collected 112 gold pieces.

Inventory:

Missiles
 a - 36 arrows
Armour
 b - a +0 robe (worn)
 h - a +2 leather armour of poison resistance
 m - a +0 pair of boots (worn)
Jewellery
 g - a ring of protection from cold (left hand)
Scrolls
 f - 4 scrolls of teleportation {unknown}
 k - a scroll of immolation {unknown}
 l - a scroll of noise {unknown}
Potions
 e - a potion of degeneration
 i - a potion of curing {unknown}
 j - a potion of agility {unknown}
Comestibles
 c - 4 chunks of flesh
 d - 5 rations


   Skills:
 - Level 1.1 Fighting
 - Level 2.6 Dodging
 - Level 3.2 Unarmed Combat
 + Level 3.0 Spellcasting
 * Level 4.9 Transmutations
 * Level 1.1 Poison Magic


You had 3 spell levels left.
You knew the following spells:

 Your Spells              Type           Power        Failure   Level  Hunger
a - Beastly Appendage     Tmut           ##....       3%          1    #......
b - Sticks to Snakes      Tmut           ##......     4%          2    ###....
c - Spider Form           Tmut/Pois      #.........   22%         3    ###....


Dungeon Overview and Level Annotations

Branches:
Dungeon (3/15)

Altars:


Message History

You hit the goblin.
The goblin is heavily wounded.
The hobgoblin throws a stone.
The stone hits you.
* * * LOW HITPOINT WARNING * * *
The goblin misses you.
You barely miss the goblin. The goblin closely misses you.
The hobgoblin throws a stone.
The stone misses you.
You hit the goblin.
The goblin is severely wounded.
The goblin closely misses you. The goblin hits you with a club.
* * * LOW HITPOINT WARNING * * *
The hobgoblin throws a stone.
The stone misses you.
It was a potion of degeneration.
There was something very wrong with that liquid.
You feel weakened.
You feel dopey.
You feel clumsy.
Your transformation has ended.
Your +0 pair of boots unmelds from your body.
Your +0 robe unmelds from your body.
The goblin hits you but does no damage. The goblin hits you with a club.
You die...

#.# #.# #.# #.# #.#
### #.#
###.###<######
########....†g@.....#
#.....[..###.#g####g#
.........# #.#.#
#.######.###.#.#
#.....#.# #.#.##..#
#<#.##.## #.#....
##.#.##


You could see a hobgoblin and 2 goblins.

Vanquished Creatures
  Robin (D:3)
  2 adders
  2 oozes (D:1)
  2 dart slugs (D:1)
  5 leopard geckos
  4 bats
  2 giant cockroaches
  4 goblins
  6 hobgoblins
  3 jackals (D:1)
  2 kobolds
  2 quokkas
  3 frilled lizards
  10 rats
48 creatures vanquished.

Notes
Turn   | Place    | Note
-------+----------+-------------------------------------------
     0 | D:1      | Oravi the Merfolk Transmuter began the quest for the Orb.
     0 | D:1      | Reached XP level 1. HP: 15/15 MP: 3/3
    26 | D:1      | Reached skill level 3 in Transmutations
    43 | D:1      | Reached XP level 2. HP: 18/21 MP: 5/5
   290 | D:1      | Reached XP level 3. HP: 17/26 MP: 4/6
   295 | D:1      | Reached skill level 4 in Transmutations
   303 | D:1      | Learned a level 2 spell: Sticks to Snakes
   307 | D:1      | Learned a level 3 spell: Spider Form
  1014 | D:2      | Reached XP level 4. HP: 14/32 MP: 8/8
  1595 | D:3      | Reached skill level 1 in Poison Magic
  1675 | D:3      | Noticed Robin
  1686 | D:3      | Killed Robin
  1691 | D:3      | Slain by a goblin

Vault maps used:
D:1:      saegor_arrival_simple_b
D:3:      uniq_robin

Skill      XL: |  1  2  3  4 |
---------------+-------------+-----
Transmutations | 3 4 |  4.9
Poison Magic   | 1 |  1.1
Spellcasting   | 3 |  3.0
Fighting       | |  1.1
Dodging        | |  2.6
Unarmed Combat | |  3.2

Action                   |  1- 3 |  4- 6 || total
-------------------------+-------+-------++-------
Melee: Unarmed           |   104 |    60 ||   164
       Headbutt          |    16 |     6 ||    22
       Punch             |     3 |       ||     3
 Cast: Beastly Appendage |    19 |    10 ||    29
       Spider Form       |       |     1 ||     1
  Use: Potion            |       |     1 ||     1
 Stab: Sleeping          |     2 |     1 ||     3
  Eat: Chunk             |     1 |     2 ||     3
Armor: Robe              |    22 |    15 ||    37
Dodge: Dodged            |    68 |    48 ||   116

Table legend:
 A = Spawn XP
 B = Non-spawn XP
 C = Spawn XP percentage of total XP
 D = Spawn monster count
 E = Non-spawn monster count
 F = Spawn count percentage of total count
 G = Total turns spent on level
                    A         B        C        D         E        F      G
               +---------+---------+-------+---------+---------+-------+---------
         Total |       0 |     136 |   0.0 |       0 |      48 |   0.0 |  1691
               +---------+---------+-------+---------+---------+-------+---------
           D:1 |       0 |      56 |   0.0 |       0 |      23 |   0.0 |   752
           D:2 |       0 |      40 |   0.0 |       0 |      17 |   0.0 |   822
           D:3 |       0 |      40 |   0.0 |       0 |       8 |   0.0 |   117
               +---------+---------+-------+---------+---------+-------+---------
